 Dungeon Sprint DCSS version 0.23.2-30-g0e89c35649 (webtiles) character file.

Game seed: 10494916688283338674

7 HASTUR3 the Magician (level 1, 0/13 HPs)
             Began as a Mummy Necromancer on June 19, 2019.
             Slain by a hound (1 damage)
             ... in the Dungeon (Sprint IX: "|||||||||||||||||||||||||||||").
             The game lasted 00:01:00 (297 turns).

HASTUR3 the Magician (Mummy Necromancer)             Turns: 297, Time: 00:01:01

Health: 0/13       AC:  2    Str: 11    XL:     1   Next: 83%
Magic:  3/6        EV: 12    Int: 14    God:
Gold:   0          SH:  0    Dex: 12    Spells: 8/10 levels left

rFire    x . .     SeeInvis .   (no weapon)
rCold    + . .     Gourm    .   (no shield)
rNeg     + + +     Faith    .   a - +0 robe
rPois    ∞         Spirit   .   (no helmet)
rElec    .         Reflect  .   (no cloak)
rCorr    .         Harm     .   (no gloves)
MR       .....     NoTele   +   (no boots)
Stlth    ++........             (no amulet)
HPRegen  0.04/turn              (no ring)
MPRegen  0.10/turn              (no ring)

@: no status effects
A: no food or potions, fire vulnerability, cold resistance 1, negative energy
resistance 3, torment resistance, unbreathing
a: no special abilities


You were in the Dungeon.
You were not hungry.

You visited 1 branch

Inventory:

Armour
 a - a +0 robe (worn)
Scrolls
 c - a scroll of blinking


   Skills:
 - Level 1.5 Dodging
 - Level 1.5 Stealth
 + Level 5.3 Spellcasting
 - Level 4.0 Necromancy


You had 8 spell levels left.
You knew the following spells:

 Your Spells              Type           Power        Failure   Level  Hunger
a - Pain                  Necr           ##..         3%          1    N/A
b - Animate Skeleton      Necr           N/A          3%          1    N/A

Your spell library contained the following spells:

 Spells                   Type           Power        Failure   Level  Hunger
 Vampiric Draining        Necr           ##........   10%         3    N/A
 Animate Dead             Necr           N/A          32%         4    N/A
 Regeneration             Chrm/Necr      Unusable     N/A         3    N/A

Dungeon Overview and Level Annotations

Branches:
Dungeon (1/1)

Altars:


Innate Abilities, Weirdness & Mutations

You do not eat or drink.
Your flesh is vulnerable to fire.
You are immune to poison.
Your flesh is cold resistant. (rC+)
You are immune to negative energy. (rN+++)
You are immune to unholy pain and torment.
You can survive without breathing.


Message History

Casting: Animate Skeleton (safe; 3% risk of failure)
Confirm with . or Enter, or press ? or * to list all spells.
Aiming: Pain (safe; 3% risk of failure)
Press: ? - help, Shift-Dir - straight line, f - orc
Aim: an orc, wielding a +0 club (severely wounded, chance to defeat MR: 85%)
The orc writhes in agony.
You kill the orc!
Casting: Pain (safe; 3% risk of failure)
Confirm with . or Enter, or press ? or * to list all spells.
Aiming: Pain (safe; 3% risk of failure)
Press: ? - help, Shift-Dir - straight line, f - hound
Aim: a hound (chance to defeat MR: 79%)
The hound writhes in agony.
The crimson imp blinks!
Casting: Pain (safe; 3% risk of failure)
Confirm with . or Enter, or press ? or * to list all spells.
Aiming: Pain (safe; 3% risk of failure)
Press: ? - help, Shift-Dir - straight line, f/p - hound
Aim: a hound (lightly wounded, chance to defeat MR: 79%)
The hound writhes in agony.
The hound misses you. The hound bites you.
You die...

▓▓▓
▓<▓
▓.▓
▓.▓
▓.▓
▓'▓
▓.▓
▓@▓
▓h▓
▓Z▓
▓h▓
▓'▓
▓5▓
▓.▓
▓.▓
▓.▓


You could see a howler monkey, a hound, a crimson imp and an adder skeleton.

Vanquished Creatures
  An orc (D)
  A bat (D)
  A giant cockroach (D)
  A hobgoblin (D)
  2 rats (D)
6 creatures vanquished.

Vanquished Creatures (others)
  A spatial maelstrom (D)
1 creature vanquished.

Grand Total: 7 creatures vanquished

Notes
Turn   | Place    | Note
-------+----------+-------------------------------------------
     0 | D        | HASTUR3 the Mummy Necromancer began the quest for the Orb.
     0 | D        | Reached XP level 1. HP: 13/13 MP: 4/4
     2 | D        | Learned a level 1 spell: Animate Skeleton
     7 | D        | Reached skill level 3 in Spellcasting
    10 | D        | Banished a spatial maelstrom
    33 | D        | Reached skill level 4 in Spellcasting
    69 | D        | Reached skill level 5 in Spellcasting
   265 | D        | Noticed a crimson imp
   265 | D        | Noticed a hound
   265 | D        | Noticed a howler monkey
   297 | D        | Slain by a hound

Skill      XL: |  1 |
---------------+----+-----
Spellcasting   | 5 |  5.3
Dodging        | |  1.5
Stealth        | |  1.5
Necromancy     | |  4.0

Action                   || total
-------------------------++-------
Melee: Unarmed           ||    43
 Cast: Pain              ||    10
       Animate Skeleton  ||     2
Armor: Robe              ||     9
Dodge: Dodged            ||    41
